 Dungeon Crawl Stone Soup version 0.25-a0-661-g55ea3d2053 (webtiles) character file.

Game seed: 16519887961642243398, levelgen mode: deterministic

585 DasRunzen the Slasher (level 6, -3/51 HPs)
             Began as a Demigod Gladiator on Mar 23, 2020.
             Slain by a gnoll sergeant
             ... wielding a +0 spear
              (6 damage)
             ... on level 4 of the Dungeon.
             The game lasted 00:12:17 (5696 turns).

DasRunzen the Slasher (Demigod Gladiator)           Turns: 5696, Time: 00:12:18

Health: -3/51      AC:  5    Str: 17    XL:     6   Next: 91%
Magic:  12/12      EV: 14    Int: 16    God:
Gold:   247        SH:  0    Dex: 17    Spells: 9/9 levels left

rFire    . . .     SeeInvis .   a - +0 long sword
rCold    . . .     Gourm    .   (no shield)
rNeg     + . .     Faith    .   b - +0 leather armour
rPois    .         Spirit   .   c - +0 helmet
rElec    .         Reflect  .   (no cloak)
rCorr    .         Harm     .   o - +0 pair of gloves
MR       .....                  (no boots)
Stlth    +.........             (no amulet)
HPRegen  0.17/turn              u - ring of positive energy
MPRegen  0.13/turn              (no ring)

@: mighty
A: high mp 1
a: no special abilities


You were on level 4 of the Dungeon.
You were not hungry.

You visited 1 branch of the dungeon, and saw 5 of its levels.
You also visited: Sewer.

You collected 247 gold pieces.

Inventory:

Hand Weapons
 a - a +0 long sword (weapon)
Missiles
 d - 3 throwing nets (quivered)
Armour
 b - a +0 leather armour (worn)
 c - a +0 helmet (worn)
 o - a +0 pair of gloves (worn)
Jewellery
 s - an uncursed ring of fire
 u - a ring of positive energy (left hand)
Wands
 p - a wand of digging (2)
Scrolls
 e - a scroll of teleportation
 g - a scroll of amnesia
 k - a scroll of remove curse
 r - a scroll of fear
Potions
 h - 2 potions of resistance
 i - 3 potions of haste
 j - 2 potions of invisibility
 l - 2 potions of heal wounds
 m - 2 potions of might
 n - 3 potions of flight {unknown}
 q - a potion of lignification {unknown}
 t - a potion of curing {unknown}
Comestibles
 f - 11 rations


   Skills:
 + Level 3.5 Fighting
 + Level 4.1 Long Blades
 - Level 1.7 Throwing
 + Level 2.9 Armour
 + Level 4.1 Dodging
 + Level 2.4 Spellcasting


You had 9 spell levels left.
You didn't know any spells.
Your spell library was empty.

Dungeon Overview and Level Annotations

Branches:
Dungeon (5/15)             Temple (0/1) D:5           Sewer (visited)

Shops:
D:5 [


Innate Abilities, Weirdness & Mutations

You have an increased reservoir of magic. (+10% MP)


Message History

There is a stone staircase leading down here.
You hit the gnoll sergeant but do no damage.
The gnoll sergeant hits you with a +0 spear.
You closely miss the gnoll sergeant.
The gnoll sergeant hits you with a +0 spear.
The gnoll sergeant hits you with a +0 spear!
The gnoll sergeant blocks your attack.
The gnoll sergeant hits you with a +0 spear!
* * * LOW HITPOINT WARNING * * *
You barely miss the gnoll sergeant. The gnoll sergeant closely misses you.
You feel very mighty all of a sudden.
The gnoll sergeant hits you but does no damage.
You slash the gnoll sergeant!
The gnoll sergeant is moderately wounded.
The gnoll sergeant hits you with a +0 spear!
* * * LOW HITPOINT WARNING * * *
The gnoll sergeant blocks your attack.
The gnoll sergeant is moderately wounded.
The gnoll sergeant hits you with a +0 spear.
You die...

#.####.#.# #.#
#.#####. #.# ##.#.##
#.# #.##.#..
#.###.....####.#
#.##..≈≈
#.....#<.......#
#.##♣≈≈P
#####.....######
#.##.≈≈. ##.#.##
#.##P≈.≈ #.#.##
#.##..≈≈ #.#..#
#.##..P≈ #.##@#
#.####.. #.##g# #.#
##. ###########
#.##.# ####.#####.
..........###.##.#
#..........
#########<.......#
#.##.######
#####.####
#.##.......
#.#########.##.......
#........##.###.#####
########.##.# #.# #


You could see a gnoll sergeant.

Vanquished Creatures
  A phantom (D:5)
  A big kobold (Sewer)
  A scorpion (D:5)
  A jelly (D:5)
  An orc wizard (D:5)
  2 iguanas (D:4)
  2 worker ants
  Robin (D:3)
  3 gnolls (D:4)
  6 adders
  3 worms (D:4)
  4 dart slugs
  12 orcs
  5 bats
  A giant cockroach (D:4)
  14 goblins
  9 hobgoblins
  8 jackals
  9 kobolds
  3 quokkas
  4 ball pythons
  3 frilled lizards
  8 rats
102 creatures vanquished.

Notes
Turn   | Place    | Note
-------+----------+-------------------------------------------
     0 | D:1      | DasRunzen the Demigod Gladiator began the quest for the
                  | Orb.
     0 | D:1      | Reached XP level 1. HP: 17/17 MP: 3/3
   149 | D:1      | Reached XP level 2. HP: 24/24 MP: 4/4
   706 | D:2      | Reached skill level 1 in Armour
   706 | D:2      | Reached XP level 3. HP: 18/29 MP: 6/6
  1187 | D:2      | Reached skill level 1 in Spellcasting
  1206 | D:2      | Found an ancient bone altar of Kikubaaqudgha.
  1997 | D:3      | Noticed Robin
  2007 | D:3      | Reached XP level 4. HP: 36/37 MP: 8/8
  2035 | D:3      | Killed Robin
  2731 | D:3      | Found a hazy altar of Hepliaklqana.
  3110 | D:4      | Reached XP level 5. HP: 28/42 MP: 9/9
  3116 | D:4      | Found a glowing silver altar of Zin.
  3516 | D:4      | Found a hide-covered altar of Uskayaw.
  3606 | D:4      | Found a glowing drain.
  3621 | Sewer    | Entered a sewer
  3780 | Sewer    | Found a white marble altar of Elyvilon.
  3998 | D:4      | Reached XP level 6. HP: 24/51 MP: 11/11
  4322 | D:4      | Found a radiant altar of Vehumet.
  4383 | D:4      | Found a shattered altar of Ashenzari.
  4709 | D:5      | Entered Level 5 of the Dungeon
  4720 | D:5      | Found an ornate altar of the Wu Jian Council.
  4720 | D:5      | Found an iron altar of Okawaru.
  5536 | D:5      | Found a staircase to the Ecumenical Temple.
  5552 | D:5      | Found Fuxt's Armour Shoppe.
  5696 | D:4      | Slain by a gnoll sergeant

Levels and vault maps discovered:
D:1:      eino_arrival_cavern_b, layout_basic
D:2:      layout_basic, overflow_temple_1_default, grunt_decor_mini_mirrors
D:3:      layout_basic, overflow_temple_1_default, first_ration,
          minmay_pentangle, uniq_robin
D:4:      layout_loops_ring, lemuel_doored_altar,
          nicolae_overflow_crystal_walls, overflow_temple_1_default,
          lemuel_coloured_pillars_altar, serial_bayou, serial_bayou_pond_b,
          serial_bayou_shore_b, serial_bayou_lagoon_b, serial_bayou_crossing,
          cheibrodos_sewer_entry_bend
D:5:      layout_basic, amethyst_overflow_temple_binary,
          minmay_temple_entry_trees, serial_shops, kennysheep_mini_moat

Skill      XL: |  1  2  3  4  5  6 |
---------------+-------------------+-----
Fighting       | 2 3 |  3.5
Long Blades    | 3 4 |  4.1
Armour         | 1 2 |  2.9
Dodging        | 3 4 |  4.1
Spellcasting   | 1 2 |  2.4
Throwing       | |  1.7

Action                   |  1- 3 |  4- 6 || total
-------------------------+-------+-------++-------
Melee: Long sword        |   105 |   280 ||   385
  Use: Scroll            |     7 |     5 ||    12
       Potion            |       |     2 ||     2
 Stab: Sleeping          |       |     2 ||     2
  Eat: Chunk             |     4 |    12 ||    16
Armor: Leather armour    |    37 |    64 ||   101
Dodge: Dodged            |    69 |   197 ||   266
       Rpst.: Long sword |    24 |    68 ||    92

Table legend:
 A = Non-vault XP
 B = Vault XP
 C = Vault XP percentage of total XP
 D = Non-vault monster count
 E = Vault monster count
 F = Vault count percentage of total count
                 A         B        C        D         E       F
            +---------+---------+-------+---------+---------+-------
      Total |     623 |     214 |  25.6 |      75 |      27 |  26.5
            +---------+---------+-------+---------+---------+-------
        D:1 |      33 |       0 |   0.0 |      18 |       0 |   0.0
        D:2 |      62 |       0 |   0.0 |      20 |       0 |   0.0
        D:3 |      53 |      38 |  41.8 |      15 |      13 |  46.4
        D:4 |     128 |      67 |  34.4 |      12 |       6 |  33.3
        D:5 |     347 |       0 |   0.0 |      10 |       0 |   0.0
      Sewer |       0 |     109 | 100.0 |       0 |       8 | 100.0
            +---------+---------+-------+---------+---------+-------
